 Dungeon Crawl Stone Soup version 0.21-a0-401-g0b6bec4 (webtiles) character file.

19262 theanonym the Cleaver (level 12, 0/112 HPs)
             Began as a Hill Orc Fighter on Oct 22, 2017.
             Was a High Priest of Okawaru.
             Succumbed to a soldier ant's poison
             ... on level 2 of the Lair of Beasts.
             The game lasted 00:23:00 (13419 turns).

theanonym the Cleaver (Hill Orc Fighter)           Turns: 13419, Time: 00:23:00

Health: 0/112      AC: 18    Str: 24    XL:     12   Next: 67%
Magic:  16/16      EV:  6    Int: 12    God:    Okawaru [*****.]
Gold:   557        SH: 16    Dex: 14    Spells: 11/11 levels left

rFire    + . .     SeeInvis +   d - +1 war axe (vamp)
rCold    . . .     Gourm    .   c - +0 shield
rNeg     . . .     Faith    .   D - +0 plate armour
rPois    .         Spirit   .   (no helmet)
rElec    .         Reflect  +   (no cloak)
rCorr    .         Harm     .   n - +0 pair of gloves of Memega Cuyr {god gift, Int+4 SInv}
MR       +....                  (no boots)
Stlth    ..........             k - +3 amulet of reflection
HPRegen  0.28/turn              B - +4 ring of dexterity
MPRegen  0.15/turn              g - ring of fire

@: lethally poisoned (0 -> -28)
A: slimy green scales 1, cold resistance 1, magic resistance 1
a: Heroism, Finesse, Renounce Religion


You were on level 2 of the Lair of Beasts.
You worshipped Okawaru.
Okawaru was extremely pleased with you.
You were not hungry.

You visited 2 branches of the dungeon, and saw 13 of its levels.
You also visited: Labyrinth.

You collected 732 gold pieces.
You spent 175 gold pieces at shops.

Inventory:

Hand Weapons
 d - a +1 vampiric war axe (weapon)
   (You bought it in a shop on level 6 of the Dungeon)
Missiles
 A - a throwing net (quivered)
Armour
 c - a +0 shield (worn)
 n - the +0 pair of gloves of Memega Cuyr (worn) {god gift, Int+4 SInv}
   (Okawaru gifted it to you on level 1 of the Lair of Beasts)

   It affects your intelligence (+4).
   It lets you see invisible.
 u - a +1 chain mail of cold resistance
   (You took it off Edmund on level 4 of the Dungeon)
 D - a +0 plate armour (worn)
   (You took it off an orc warrior on level 7 of the Dungeon)
Jewellery
 g - a ring of fire (right hand)
   (You found it on level 7 of the Dungeon)
 k - a +3 amulet of reflection (around neck)
   (You found it on level 1 of the Dungeon)
 p - an uncursed ring of protection from cold
   (You found it on level 6 of the Dungeon)
 B - a +4 ring of dexterity (left hand)
   (You found it on level 7 of the Dungeon)
Wands
 w - a wand of digging (16/24)
   (You found it on level 3 of the Dungeon)
 H - a wand of acid (2/15)
   (You found it on level 10 of the Dungeon)
 L - a wand of flame (15/48)
   (You found it on level 10 of the Dungeon)
 M - a wand of lightning (3/15)
   (You found it in a labyrinth)
Scrolls
 h - a scroll of silence {unknown}
 i - 3 scrolls of remove curse
 j - a scroll of fear {!r}
 o - 2 scrolls of blinking {unknown}
 q - 4 scrolls of teleportation
 r - 3 scrolls of identify
 t - 4 scrolls of enchant weapon {unknown}
 x - 4 scrolls of amnesia {unknown}
 y - 3 scrolls of recharging {unknown}
Potions
 e - 2 potions of invisibility
Books
 F - a book of Maledictions
   (You found it in a labyrinth)

   Spells                             Type                      Level
   a - Corona                         Hexes                        1
   b - Ensorcelled Hibernation        Hexes/Ice                    2
   c - Confuse                        Hexes                        3
   d - Tukima's Dance                 Hexes                        3
   e - Dazzling Spray                 Conjuration/Hexes            3
 K - a Young Poisoner's Handbook
   (You found it on level 10 of the Dungeon)

   Spells                             Type                      Level
   a - Sting                          Conjuration/Poison           1
   b - Poisonous Vapours              Poison/Air                   2
   c - Mephitic Cloud                 Conjuration/Poison/Air       3
   d - Olgreb's Toxic Radiance        Poison                       4
   e - Venom Bolt                     Conjuration/Poison           5
Miscellaneous
 I - a phial of floods
   (You found it in a labyrinth)
Comestibles
 f - 10 bread rations
 l - 4 royal jellies
 m - 13 meat rations


   Skills:
 + Level 11.8 Fighting
 * Level 14.6 Axes
 + Level 11.0 Armour
 + Level 10.9 Shields
 - Level 5.3 Invocations


You had 11 spell levels left.
You didn't know any spells.

Dungeon Overview and Level Annotations

Branches:
Dungeon (11/15)            Temple (0/1) D:7            Lair (2/6) D:9
    Orc (0/2) D:9
  Swamp: Lair:2-4    Shoals: Lair:2-4     Snake: Lair:2-4    Spider: Lair:2-4

Altars:
Ashenzari
Fedhas
Makhleb
Okawaru
Ru
Sif Muna
Trog
Xom

Shops:
D:4 [   D:6 (

Annotations:
Lair:2 Fannar


Innate Abilities, Weirdness & Mutations

You are partially covered in slimy green scales. (AC +2)
Your flesh is cold resistant. (rC+)
You are resistant to hostile enchantments. (MR+)


Message History

As you read the scroll of teleportation, it crumbles to dust.
You feel strangely unstable.
You feel extremely sick.
The ice beast hits you but does no damage.
You block the soldier ant's attack. x3; The soldier ant stings you.
You are more poisoned.
The soldier ant poisons you! The soldier ant closely misses you.
You take 10 damage, and have 62/111 hp.
You hit the soldier ant.
You feel better.
You closely miss the soldier ant. You slash the soldier ant!
You hit the ice beast. You slash the soldier ant!
You feel better.
You hit the soldier ant.
You feel better.
You feel extremely sick.
The ice beast hits you but does no damage.
The soldier ant stings you. You block the soldier ant's attack. x2
You hit the soldier ant.
You feel better.
You kill the soldier ant!
Okawaru accepts your kill.
You hit the soldier ant.
You feel better.
You hit the soldier ant.
You hit the soldier ant but do no damage. x2
You barely miss the ice beast.
You feel very sick.
The soldier ant stings you but does no damage.
You block the soldier ant's attack.
The ice beast hits you but does no damage.
You block the soldier ant's attack.
You take 3 damage, and have 60/112 hp.
You slice the soldier ant!!
You feel better.
You kill the soldier ant!
Okawaru accepts your kill.
Your Armour skill increases to level 11!
You hit the ice beast. You slash the worker ant! You hit the soldier ant.
You feel better.
You hit the soldier ant.
You feel better.
You slice the soldier ant!!
You kill the soldier ant!
Okawaru accepts your kill.
Your surroundings suddenly seem different.
You feel extremely sick.
You regained 6 hp, and now have 66/112 hp.
You feel extremely sick.
You take 8 damage, and have 58/112 hp.
* * * LOW HITPOINT WARNING * * *
You feel extremely sick.
You take 7 damage, and have 51/112 hp.
* * * LOW HITPOINT WARNING * * *
You feel extremely sick.
* * * LOW HITPOINT WARNING * * *
You feel very sick.
* * * LOW HITPOINT WARNING * * *
You feel very sick.
You take 18 damage, and have 33/112 hp.
* * * LOW HITPOINT WARNING * * *
You feel very sick.
You take 5 damage, and have 28/112 hp.
It was a potion of invisibility.
You fade into invisibility!
* * * LOW HITPOINT WARNING * * *
You feel very sick.
You are very lightly contaminated with residual magic.
You take 5 damage, and have 23/112 hp.
* * * LOW HITPOINT WARNING * * *
You feel very sick.
You take 4 damage, and have 19/112 hp.
It was a potion of ambrosia.
You are confused.
You feel invigorated.
* * * LOW HITPOINT WARNING * * *
You feel very sick.
You take 2 damage, and have 17/112 hp.
It was a potion of cancellation.
Your magical effects are unravelling.
You feel magically purged.
Your magical contamination has completely faded away.
You feel less invigorated.
You flicker back into view.
You feel less confused.
* * * LOW HITPOINT WARNING * * *
You feel very sick.
It was a potion of mutation.
You feel extremely strange.
Slimy green scales grow over part of your body.
You feel resistant to cold.
You feel resistant to hostile enchantments.
* * * LOW HITPOINT WARNING * * *
You feel very sick.
You take 3 damage, and have 15/112 hp.
* * * LOW HITPOINT WARNING * * *
You feel very sick.
There is a stone staircase leading up here.
You take 4 damage, and have 11/112 hp.
Unknown command.
Unknown command.
* * * LOW HITPOINT WARNING * * *
You feel very sick.
You take 3 damage, and have 8/112 hp.
* * * LOW HITPOINT WARNING * * *
You feel very sick.
You take 3 damage, and have 5/112 hp.
* * * LOW HITPOINT WARNING * * *
You feel very sick.
You take 2 damage, and have 3/112 hp.
Okay, then.
You die...

.#####....#.#.##P
.#####............
.................##
....PP....####....## .##
..........# #.....####. ..P#####
#...##....## #...(...... ?.......
....###....###...................
....P#....###....................
....P##.....#P..@....... ........
.................####### ...####P
..........#.......# .#. #$†
..........####...## #Y#.#
..........##.#<..## #e†.a
......../.........#


#.a#Yaa ...P##########....# #..aaaa ...## #....# ...#!#a. .... #....# ... .#.a.
There were no monsters in sight!

Vanquished Creatures
  Gastronok (Lair:1)
  A minotaur (Lab)
  Erolcha (D:10)
  3 two-headed ogres
  A queen ant (Lair:2)
  Sonja (D:9)
  An unseen horror (D:10)
  A cyclops (D:10)
  4 spiny frogs
  2 black mambas
  Psyche (D:10)
  2 komodo dragons (Lair:1)
  A troll (D:7)
  5 blink frogs (Lair:1)
  3 hippogriffs
  A spriggan (D:7)
  10 yaks (Lair:1)
  A basilisk (D:9)
  3 hungry ghosts
  8 soldier ants (Lair:2)
  Edmund (D:4)
  4 porcupines (Lair:1)
  An ice beast (D:9)
  3 orc warriors
  2 sky beasts
  2 black bears (D:7)
  2 centaurs
  5 ogres
  2 crocodiles (Lair:1)
  15 bullfrogs
  4 scorpions
  9 killer bees (D:10)
  3 wights (D:7)
  3 jellies
  3 crimson imps
  8 orc wizards
  A bullfrog zombie (D:6)
  7 orc priests
  A centaur skeleton (D:8)
  5 iguanas
  11 worker ants
  5 gnolls
  8 adders
  A shadow imp (D:5)
  3 oozes
  2 adder zombies
  5 adder skeletons
  A worm (D:3)
  2 dart slugs
  5 leopard geckos
  43 orcs
  10 bats
  A giant cockroach (D:6)
  6 goblins
  4 hobgoblins
  11 jackals
  7 kobolds
  A quokka (D:3)
  A ball python (D:3)
  5 frilled lizards
  A leopard gecko zombie (D:6)
  A quokka skeleton (D:5)
  2 rats
  A fungus (Lair:2)
269 creatures vanquished.

Vanquished Creatures (others)
  An unseen horror (D:10)
  A centaur (D:9)
  2 orcs
  A goblin (D:5)
5 creatures vanquished.

Grand Total: 274 creatures vanquished

Notes
Turn   | Place    | Note
-------+----------+-------------------------------------------
     0 | D:1      | theanonym the Hill Orc Fighter began the quest for the Orb.
     0 | D:1      | Reached XP level 1. HP: 19/19 MP: 1/1
   181 | D:1      | Reached skill level 3 in Axes
   219 | D:1      | Reached XP level 2. HP: 23/27 MP: 2/2
   847 | D:2      | Reached XP level 3. HP: 24/33 MP: 3/3
  1262 | D:2      | Reached skill level 4 in Fighting
  1701 | D:2      | Found a sacrificial altar of Ru.
  2071 | D:3      | Reached skill level 4 in Axes
  2221 | D:3      | Reached XP level 4. HP: 40/40 MP: 4/4
  2428 | D:3      | Reached skill level 4 in Armour
  2428 | D:3      | Reached skill level 4 in Shields
  2428 | D:3      | Reached XP level 5. HP: 18/47 MP: 5/5
  2990 | D:4      | Noticed Edmund
  3009 | D:4      | Killed Edmund
  3009 | D:4      | Reached skill level 5 in Axes
  3009 | D:4      | Reached XP level 6. HP: 37/55 MP: 6/6
  3381 | D:4      | Reached skill level 5 in Fighting
  3429 | D:4      | Reached XP level 7. HP: 61/61 MP: 7/7
  3575 | D:4      | You fall through a shaft for 2 floors!
  3585 | D:6      | HP: 2/61 [ogre/giant club (5)]
  3587 | D:6      | Reached skill level 5 in Armour
  3587 | D:6      | Reached skill level 5 in Shields
  3588 | D:6      | Reached skill level 6 in Axes
  3989 | D:6      | Found Vaoritti's Antique Weapon Emporium.
  4004 | D:6      | Bought a glowing war axe for 175 gold pieces
  4115 | D:6      | Found a shimmering altar of Xom.
  4116 | D:6      | Found a shattered altar of Ashenzari.
  4116 | D:6      | Found a burning altar of Makhleb.
  4116 | D:6      | Found a blossoming altar of Fedhas.
  4430 | D:6      | Reached skill level 6 in Fighting
  4519 | D:5      | Entered Level 5 of the Dungeon
  4563 | D:4      | Found Xuhimav's Armour Emporium.
  4893 | D:4      | Reached XP level 8. HP: 31/70 MP: 8/8
  5216 | D:5      | Reached skill level 7 in Axes
  5430 | D:5      | Found an iron altar of Okawaru.
  5444 | D:5      | Became a worshipper of Warmaster Okawaru
  5997 | D:6      | Reached skill level 6 in Armour
  5997 | D:6      | Reached skill level 6 in Shields
  6231 | D:7      | HP: 7/71 [wight/enchanted morningstar (1)]
  6518 | D:7      | Found a bloodstained altar of Trog.
  6527 | D:7      | Reached skill level 7 in Fighting
  6779 | D:7      | Reached * piety under Okawaru
  6779 | D:7      | Reached skill level 8 in Axes
  6784 | D:7      | Reached XP level 9. HP: 66/79 MP: 9/9
  6889 | D:7      | Noticed a troll
  6910 | D:7      | Killed a troll
  6910 | D:7      | Reached skill level 7 in Armour
  6910 | D:7      | Reached skill level 7 in Shields
  6910 | D:7      | Reached skill level 1 in Invocations
  7013 | D:7      | Reached skill level 2 in Invocations
  7287 | D:7      | Found a staircase to the Ecumenical Temple.
  7428 | D:7      | Reached skill level 8 in Fighting
  7472 | D:8      | Reached ** piety under Okawaru
  7472 | D:8      | Reached skill level 3 in Invocations
  7508 | D:8      | Reached skill level 9 in Axes
  7752 | D:8      | Noticed a two-headed ogre
  7754 | D:8      | Noticed a two-headed ogre
  7998 | D:8      | Killed a two-headed ogre
  7998 | D:8      | Reached skill level 8 in Armour
  7998 | D:8      | Reached skill level 8 in Shields
  7998 | D:8      | Reached skill level 4 in Invocations
  7998 | D:8      | Reached XP level 10. HP: 75/90 MP: 9/13
  8106 | D:8      | Killed a two-headed ogre
  8106 | D:8      | Reached *** piety under Okawaru
  8106 | D:8      | Reached skill level 9 in Fighting
  8106 | D:8      | Reached skill level 5 in Invocations
  8808 | D:9      | Reached skill level 10 in Axes
  8828 | D:9      | Found a staircase to the Orcish Mines.
  8962 | D:9      | Noticed a two-headed ogre
  8976 | D:9      | Killed a two-headed ogre
  8976 | D:9      | Reached **** piety under Okawaru
  9206 | D:9      | Paralysed by fainting for 8 turns
  9284 | D:9      | Found a deep blue altar of Sif Muna.
  9325 | D:9      | Found a staircase to the Lair.
  9799 | D:10     | Entered Level 10 of the Dungeon
  9828 | D:10     | Reached skill level 9 in Armour
  9938 | D:10     | Killed an unseen horror
  9938 | D:10     | Reached skill level 11 in Axes
  9938 | D:10     | Reached skill level 9 in Shields
 10193 | D:10     | Noticed a cyclops
 10207 | D:10     | Killed an unseen horror
 10207 | D:10     | Reached XP level 11. HP: 69/99 MP: 12/15
 10218 | D:10     | Killed a cyclops
 10218 | D:10     | Reached skill level 10 in Fighting
 10372 | D:10     | Noticed Erolcha
 10376 | D:10     | Noticed Psyche
 10380 | D:10     | Killed Erolcha
 10389 | D:10     | Killed Psyche
 10683 | D:10     | Reached ***** piety under Okawaru
 10689 | D:10     | Reached skill level 12 in Axes
 11005 | Lair:1   | Entered Level 1 of the Lair of Beasts
 11005 | Lair:1   | Noticed Sonja
 11075 | D:9      | Killed Sonja
 11406 | Lair:1   | Noticed a seven-headed hydra
 12013 | Lair:1   | Noticed Gastronok
 12040 | Lair:1   | Killed Gastronok
 12040 | Lair:1   | Reached skill level 11 in Fighting
 12040 | Lair:1   | Reached skill level 13 in Axes
 12040 | Lair:1   | Reached skill level 10 in Armour
 12040 | Lair:1   | Reached skill level 10 in Shields
 12135 | Lair:1   | Received a gift from Okawaru
 12136 | Lair:1   | Got a pair of scorched gloves {god gift}
 12142 | Lair:1   | Identified the +0 pair of gloves of Memega Cuyr {god gift, Int+4 SInv} (Okawaru gifted it to you on level 1 of the Lair of Beasts)
 12306 | Lair:1   | Reached XP level 12. HP: 98/110 MP: 16/16
 12457 | Lair:1   | Reached skill level 14 in Axes
 12790 | Lair:2   | Found a labyrinth entrance.
 12811 | Lab      | Entered a labyrinth
 13178 | Lab      | Noticed a minotaur
 13194 | Lab      | Killed a minotaur
 13380 | Lair:2   | Noticed a queen ant
 13380 | Lair:2   | Noticed Fannar
 13398 | Lair:2   | Killed a queen ant
 13403 | Lair:2   | Reached skill level 11 in Armour
 13414 | Lair:2   | Gained mutation: You are partially covered in slimy green scales. (AC +2) [potion of mutation]
 13414 | Lair:2   | Gained mutation: Your flesh is cold resistant. (rC+) [potion of mutation]
 13414 | Lair:2   | Gained mutation: You are resistant to hostile enchantments. (MR+) [potion of mutation]
 13415 | Lair:2   | HP: 11/112 [poisoned by a soldier ant]
 13417 | Lair:2   | HP: 5/112 [poisoned by a soldier ant]
 13419 | Lair:2   | Succumbed to a soldier ant's poison

Vault maps used:
D:1:      dpeg_arrival_simpleton_b, serial_glass, glass_columns_b,
          glass_columns_a, minivault_24
D:2:      nicolae_ru_the_path_less_chosen
D:3:      minmay_misc_feat_rows
D:4:      serial_shops, shop, uniq_edmund
D:5:      okawaru_altar_gauntlet_db, first_bread
D:6:      chequers_temple_overflow_statue_of_worship, serial_shops,
          nicolae_shop_crystal
D:7:      trog_ov_bears_minmay, temple_statues, the_bakery, lightli_orcish_oven
D:8:      serial_column_ruins, column_ruins_corridor_water,
          column_ruins_columns_straight, column_ruins_grid_3,
          column_ruins_columns_corner, column_ruins_columns_straight
D:9:      lemuel_blue_sif_altar, lair_entry_dummy, david_orc_2,
          minmay_misc_feat_square
D:10:     hangedman_decor_push, solitary_fountain, minmay_misc_feat_doors,
          uniq_psyche, uniq_erolcha
Lair:1:   beast_lair_carwin_10, uniq_sonja, uniq_gastronok
Lair:2:   minmay_swamp_entry_worms, lab_entry_generic, minivault_19,
          zaba_anthell, uniq_fannar
Lab:      nicolae_lab_dead_adventurers, labyrinth_skeletal_remains,
          labyrinth_glass_1, nicolae_lab_plus, nicolae_lab_grate_2

Skill      XL: |  1  2  3  4  5  6  7  8  9 10 11 12 |
---------------+-------------------------------------+-----
Axes           | 3 4 5 6 8 9 11 13 14 | 14.6
Fighting       | 4 5 6 7 8 9 11 | 11.8
Armour         | 4 5 6 8 9 10 11 | 11.0
Shields        | 4 5 6 8 9 10 | 10.9
Invocations    | 4 5 |  5.3

Action                   |  1- 3 |  4- 6 |  7- 9 | 10-12 || total
-------------------------+-------+-------+-------+-------++-------
Melee: War axe           |   107 |   116 |   373 |   495 ||  1091
Invok: Heroism           |       |       |     1 |     9 ||    10
       Finesse           |       |       |       |     3 ||     3
  Use: Scroll            |       |     1 |     4 |     8 ||    13
       Potion            |       |       |     4 |    10 ||    14
  Eat: Chunk             |     4 |     2 |     8 |     9 ||    23
       Meat ration       |       |     1 |       |     1 ||     2
       Bread ration      |       |       |     3 |     2 ||     5
Armor: Scale mail        |    25 |       |       |       ||    25
       Chain mail        |    34 |    46 |   133 |       ||   213
       Plate armour      |       |       |    45 |   268 ||   313
Dodge: Dodged            |    34 |    19 |    73 |    93 ||   219
Block: Shield            |    54 |    81 |   279 |   375 ||   789
       Reflection        |       |       |    13 |    13 ||    26

Table legend:
 A = Spawn XP
 B = Non-spawn XP
 C = Spawn XP percentage of total XP
 D = Spawn monster count
 E = Non-spawn monster count
 F = Spawn count percentage of total count
 G = Total turns spent on level
                    A         B        C        D         E        F      G
               +---------+---------+-------+---------+---------+-------+---------
         Total |       0 |   27518 |   0.0 |       0 |     272 |   0.0 | 13419
               +---------+---------+-------+---------+---------+-------+---------
           D:1 |       0 |      21 |   0.0 |       0 |      13 |   0.0 |  1032
           D:2 |       0 |      42 |   0.0 |       0 |      13 |   0.0 |   768
           D:3 |       0 |     118 |   0.0 |       0 |      19 |   0.0 |  1092
           D:4 |       0 |     628 |   0.0 |       0 |      16 |   0.0 |  1301
           D:5 |       0 |     211 |   0.0 |       0 |      18 |   0.0 |   697
           D:6 |       0 |     497 |   0.0 |       0 |      17 |   0.0 |  1247
           D:7 |       0 |    1973 |   0.0 |       0 |      32 |   0.0 |  1709
           D:8 |       0 |    2637 |   0.0 |       0 |      30 |   0.0 |  1241
           D:9 |       0 |    3100 |   0.0 |       0 |      27 |   0.0 |  1448
          D:10 |       0 |    4187 |   0.0 |       0 |      28 |   0.0 |  1165
          D:11 |       0 |     180 |   0.0 |       0 |       1 |   0.0 |    15
        Lair:1 |       0 |    9463 |   0.0 |       0 |      36 |   0.0 |  1075
        Lair:2 |       0 |    3390 |   0.0 |       0 |      21 |   0.0 |   229
           Lab |       0 |    1071 |   0.0 |       0 |       1 |   0.0 |   400
               +---------+---------+-------+---------+---------+-------+---------
